 Dungeon Crawl Stone Soup version 0.17-a0-701-gb6462b4 (webtiles) character file.

167 FedoraBrony69 the Conjurer (level 5, -10/28 HPs)
             Began as a Deep Elf Conjurer on Apr 19, 2015.
             Mangled by Sigmund
             ... wielding a +0 scythe
              (15 damage)
             ... on level 3 of the Dungeon.
             The game lasted 00:07:05 (2346 turns).

FedoraBrony69 the Conjurer (Deep Elf Conjurer)      Turns: 2346, Time: 00:07:05

Health: -10/28     AC:  3    Str:  5    XL:     5   Next: 23%
Magic:  1/14       EV: 13    Int: 21    God:
Gold:   99         SH:  0    Dex: 15    Spells: 3 memorised, 4 levels left

rFire  . . .     SeeInvis .     o - +2 dagger (speed)
rCold  . . .     Clarity  .     a - +0 robe
rNeg   . . .     SustAb   .     (no shield)
rPois  .         Gourm    .     t - +0 helmet
rElec  .         Spirit   .     (no cloak)
rCorr  .         Warding  .     (no gloves)
rMut   .         Stasis   .     (no boots)
MR     .....                    (no amulet)
Stlth  ++........               (no ring)
                                (no ring)

@: very slightly contaminated, not resistant to hostile enchantments, unstealthy
A: no striking features
a: no special abilities


You were on level 3 of the Dungeon.
You were hungry.

You visited 1 branch of the dungeon, and saw 3 of its levels.

You collected 99 gold pieces.

Inventory:

Hand weapons
 g - a +0 whip
 o - a +2 dagger of speed (weapon)
Armour
 a - a +0 robe (worn)
 t - a +0 helmet (worn)
Magical devices
 u - a wand of random effects (12)
Scrolls
 e - 2 scrolls of amnesia {unknown}
 h - 3 scrolls of remove curse {unknown}
 i - a scroll of teleportation {unknown}
 j - a scroll of fog {unknown}
 k - 2 scrolls of recharging {unknown}
 l - 2 scrolls of enchant weapon {unknown}
 m - 3 scrolls of identify {unknown}
 r - a scroll of blinking {unknown}
Potions
 d - a potion of magic {unknown}
 n - 2 potions of agility {unknown}
 p - a potion of brilliance {unknown}
Books
 c - a book of Conjurations

   Spells                             Type                      Level
   a - Magic Dart                     Conjuration                  1
   b - Searing Ray                    Conjuration                  2
   c - Dazzling Spray                 Conjuration/Hexes            3
   d - Fulminant Prism                Conjuration/Hexes            4
   e - Iskenderun's Mystic Blast      Conjuration                  4
   f - Iskenderun's Battlesphere      Conjuration/Charms           5
Comestibles
 b - 2 bread rations
 f - a slice of pizza
 q - a chunk of flesh
 s - a meat ration


   Skills:
 - Level 2.4 Dodging
 - Level 2.4 Stealth
 + Level 5.3 Spellcasting
 + Level 6.1 Conjurations
 * Level 0.4 Charms


You had 4 spell levels left.
You knew the following spells:

 Your Spells              Type           Power        Failure   Level  Hunger
a - Magic Dart            Conj           ####         1%          1    None
b - Iskenderun's Mystic   Conj           ####....     12%         4    ####...
c - Iskenderun's Battles  Conj/Chrm      ###.....     78%         5    #####..


Dungeon Overview and Level Annotations

Branches:
Dungeon (3/15)

Altars:
Qazlal

Annotations:
D:3 Sigmund


Message History

Something hits you! Something completely misses you.
You barely miss something. You closely miss something. Something hits you.
Casting: Magic Dart
Confirm with . or Enter, or press ? or * to list all spells.
You can't see any susceptible monsters within range! (Use Z to cast anyway.)
Casting: Magic Dart
Confirm with . or Enter, or press ? or * to list all spells.
Aiming: Magic Dart
Press: ? - help, Shift-Dir - straight line The magic dart hits something.
You closely miss something. Something hits you but does no damage.
You closely miss something. You hit something. Something hits you.
* * * LOW HITPOINT WARNING * * *
You closely miss something. You closely miss something. Something hits you!
Ouch! That really hurt!
You die...

#############
#...<...@...#
#.#########.#
#####.# #.#
..##.# ##.##
#.##.#
######...#
#.##.#
#......#...# .
#....#
#@####...#.#
#.#### #.#
##>##.#
.#####.######.#
..)# #


There were no monsters in sight!

Vanquished Creatures
  An orc wizard (D:3)
  Robin (D:3)
  4 adders
  2 worms (D:2)
  6 orcs
  2 giant cockroaches (D:1)
  20 goblins
  6 hobgoblins
  6 jackals
  A quokka (D:3)
  11 bats
  3 giant geckos
  4 giant newts
  7 kobolds
  4 rats
78 creatures vanquished.

Notes
Turn   | Place    | Note
--------------------------------------------------------------
     0 | D:1      | FedoraBrony69, the Deep Elf Conjurer, began the quest for the Orb.
     0 | D:1      | Reached XP level 1. HP: 10/10 MP: 6/6
   161 | D:1      | Reached XP level 2. HP: 15/15 MP: 3/8
   836 | D:2      | Reached skill level 5 in Conjurations
   836 | D:2      | Reached XP level 3. HP: 19/19 MP: 4/10
  1285 | D:2      | Found a stormy altar of Qazlal.
  1458 | D:2      | Reached XP level 4. HP: 24/24 MP: 1/12
  1545 | D:2      | Learned a level 4 spell: Iskenderun's Mystic Blast
  1744 | D:3      | Reached skill level 5 in Spellcasting
  1941 | D:3      | Reached XP level 5. HP: 28/28 MP: 7/14
  1957 | D:3      | Noticed Robin
  1962 | D:3      | Learned a level 5 spell: Iskenderun's Battlesphere
  2078 | D:3      | Killed Robin
  2078 | D:3      | Reached skill level 6 in Conjurations
  2307 | D:3      | Noticed Sigmund
  2346 | D:3      | Mangled by Sigmund

Action                   |  1- 3 |  4- 6 || total
-------------------------+-------+-------++-------
Melee: Unarmed           |    17 |       ||    17
       Whip              |     7 |       ||     7
       Dagger            |       |    23 ||    23
 Cast: Magic Dart        |    94 |    72 ||   166
       Iskenderun's Myst |       |     2 ||     2
  Eat: Chunk             |     2 |     2 ||     4
